 Dungeon Crawl Stone Soup version 0.28.0 (webtiles) character file.

Game seed: 2457582037567167072

210 AmazingTV the Sneak (level 5, -2/27 HPs)
             Began as a Spriggan Brigand on June 28, 2022.
             Slain by a centaur (3 damage)
             ... on level 4 of the Dungeon.
             The game lasted 00:13:49 (5816 turns).

AmazingTV the Sneak (Spriggan Brigand)              Turns: 5816, Time: 00:13:50

Health: -2/27      AC:  3    Str:  7    XL:     5   Next: 56%
Magic:  6/6        EV: 16    Int: 13    God:
Gold:   177        SH:  0    Dex: 18    Spells: 4/4 levels left

rFire   . . .      SeeInvis +   a - +2 dagger
rCold   . . .      Faith    .   (no shield)
rNeg    + . .      Spirit   .   n - +0 robe
rPois   .          Reflect  .   (helmet restricted)
rElec   .          Harm     .   c - +0 cloak
rCorr   .          Rampage  .   (gloves unavailable)
Will    +....                   (boots unavailable)
Stlth   ++++......              (no amulet)
HPRegen 0.09/turn               h - ring of willpower
MPRegen 0.10/turn               s - ring of positive energy

@: very quick
A: very small, no large weapons, unfitting armour, see invisible, speed 3
a: no special abilities


You were on level 4 of the Dungeon.
You visited 1 branch of the dungeon, and saw 4 of its levels.

You collected 177 gold pieces.

Inventory:

Hand Weapons
 a - a +2 dagger (weapon)
 b - a +0 hunting sling
 y - a +0 falchion of holy wrath
Missiles
 d - 8 poisoned darts (quivered)
 e - 2 curare-tipped darts
 j - 84 arrows
 k - 95 stones
 m - 2 atropa-tipped darts
 p - 27 bolts
 q - a throwing net
 t - 22 sling bullets
Armour
 c - a +0 cloak (worn)
 n - a +0 robe (worn)
Jewellery
 h - a ring of willpower (left hand)
 s - a ring of positive energy (right hand)
 v - a ring of fire
 A - a +4 ring of evasion
Wands
 r - a wand of iceblast (14)
Scrolls
 i - 3 scrolls of teleportation {unknown}
 l - 2 scrolls of enchant weapon {unknown}
 u - a scroll of amnesia {unknown}
 w - a scroll of immolation {unknown}
 B - a scroll of brand weapon {unknown}
Potions
 f - 6 potions of heal wounds {unknown}
 g - 2 potions of degeneration {unknown}
 o - a potion of flight {unknown}
 x - a potion of might {unknown}
 z - 2 potions of attraction {unknown}


   Skills:
 + Level 2.7 Fighting
 + Level 3.6 Short Blades
 + Level 1.1(2.7) Slings
 + Level 3.3 Throwing
 - Level 1.3 Dodging
 + Level 7.2 Stealth


You had 4 spell levels left.
You didn't know any spells.
Your spell library contained the following spells:

 Spells                   Type           Power      Damage    Failure   Level
 Animate Skeleton         Necr           0%         N/A       30%         1
 Apportation              Tloc           0%         N/A       30%         1
 Pain                     Necr           0%         1d4       30%         1
 Summon Small Mammal      Summ           0%         N/A       30%         1
 Corpse Rot               Necr/Air       0%         N/A       43%         2
 Poisonous Vapours        Pois/Air       0%         N/A       43%         2
 Vampiric Draining        Necr           0%         2d6       67%         3
 Alistair's Intoxication  Tmut/Pois      0%         N/A       100%        5


Dungeon Overview and Level Annotations

Branches:
Dungeon (4/15)
 Temple: D:4-7

Altars:
Ashenzari
Okawaru
Trog
Uskayaw
Vehumet
The Shining One

Shops:
D:3 (

Annotations:
D:4 Edmund


Innate Abilities, Weirdness & Mutations

You are very small and have problems with some larger weapons.
You are too small for most types of armour.
You have supernaturally acute eyesight. (SInv)
You cover ground extremely quickly. (Speed+++)


Message History

B - a scroll labelled JAGAEM VEID You throw a poisoned dart.
The poisoned dart hits the centaur.
The centaur is poisoned.
The centaur wields a +0 shortbow.
The centaur shoots an arrow.
The arrow closely misses you.
You throw a poisoned dart.
The poisoned dart completely misses the centaur.
The centaur shoots an arrow.
The arrow closely misses you.
You throw a poisoned dart.
The poisoned dart completely misses the centaur.
The centaur shoots an arrow.
The arrow closely misses you.
You throw a poisoned dart. The poisoned dart hits the centaur.
The centaur looks even sicker.
The centaur is lightly wounded.
The centaur shoots an arrow.
The arrow closely misses you.
The centaur shoots an arrow.
The arrow hits you! The ball python completely misses you.
The ball python grabs you. The ball python constricts you.
You hit the ball python.
The ball python is severely wounded.
The ball python barely misses you. The ball python constricts you.
You hit the ball python.
You kill the ball python!
You now have 177 gold pieces (gained 15).
You start resting.
A centaur is nearby!
A wight is nearby!
The centaur shouts!
The centaur shoots an arrow.
The arrow hits you.
The centaur shoots an arrow.
The arrow closely misses you.
The centaur shoots an arrow.
The arrow misses you.
The centaur shoots an arrow.
The arrow hits you!
* * * LOW HITPOINT WARNING * * *
The centaur unwields a +0 shortbow.
The centaur hits you.
* * * LOW HITPOINT WARNING * * *
The centaur kicks you.
* * * LOW HITPOINT WARNING * * *
You barely miss the centaur.
The centaur is heavily wounded.
The centaur hits you.
You die...

###.###........ #.# #........ #.#
#z....... ####$# #........ #....#
#........ ##.#### #........
##...## #........ #######.....##
#.#...... #......@.....#
#†#...... ## ####.#####c..(..#
#.#...... .######........##...#.#
#.#...... ........##.#.....#.##.#
#.#...... .#########.#.###.#.##.#
#.#...... .# #.#.# #.#)##.#
#.#...... .###### #.#.###.#.##.#
#.##.##..
........##.#)....#.##.###.##.####
>######........<..........##.# #


You could see a centaur.

Vanquished Creatures
  Crazy Yiuf (D:3)
  2 hounds
  An orc wizard (D:3)
  An adder (D:4)
  2 gnolls (D:2)
  5 orcs (D:3)
  5 endoplasms
  4 giant cockroaches
  5 goblins
  2 hobgoblins
  A jackal (D:4)
  9 kobolds
  5 quokkas
  9 ball pythons
  8 bats
  3 frilled lizards
  3 rats
66 creatures vanquished.

Notes
Turn   | Place    | Note
-------+----------+-------------------------------------------
     0 | D:1      | AmazingTV the Spriggan Brigand began the quest for the Orb.
     0 | D:1      | Reached XP level 1. HP: 10/10 MP: 2/2
    27 | D:1      | Found a faded altar of an unknown god.
   224 | D:1      | Reached skill level 6 in Stealth
   439 | D:1      | Reached XP level 2. HP: 14/15 MP: 3/3
  1414 | D:2      | Reached XP level 3. HP: 18/18 MP: 4/4
  2511 | D:3      | Found Dupuicent's Antique Weapon Shoppe.
  3054 | D:2      | Reached XP level 4. HP: 13/23 MP: 5/5
  4072 | D:3      | Found a broken altar of Ashenzari.
  4154 | D:3      | Found a runed translucent door.
  4247 | D:3      | Noticed Crazy Yiuf
  4286 | D:3      | Found an iron altar of Okawaru.
  4338 | D:3      | Found a radiant altar of Vehumet.
  4350 | D:3      | Found a bloodstained altar of Trog.
  4350 | D:3      | Found a glowing golden altar of the Shining One.
  4459 | D:3      | Killed Crazy Yiuf
  4460 | D:3      | Reached XP level 5. HP: 27/27 MP: 6/6
  4548 | D:4      | Reached skill level 7 in Stealth
  4673 | D:4      | Found a hide-covered altar of Uskayaw.
  4807 | D:4      | Noticed a centaur
  5118 | D:4      | Noticed Edmund
  5405 | D:3      | Reached skill level 1 in Slings
  5815 | D:4      | HP: 1/27 [centaur (3)]
  5816 | D:4      | Slain by a centaur

Illustrated notes

Levels and vault maps discovered:
D:1:      saegor_arrival_simple_d, layout_loops_ring,
          shapermc_ecumenical_altar_venn
D:2:      layout_basic
D:3:      layout_basic, nicolae_overflow_hidden_temple, serial_shops,
          nicolae_shop_advertising_works [nicolae_subvault_shop_adworks],
          minmay_randomly_rotated_circles, uniq_crazy_yiuf_cottage
D:4:      layout_loops_ring, mainiacjoe_overflow_alcove_1, uniq_robin,
          uniq_edmund

Skill      XL: |  1  2  3  4  5 |
---------------+----------------+-----
Stealth        | 6 7 |  7.2
Fighting       | 2 |  2.7
Short Blades   | 3 |  3.6
Throwing       | 3 |  3.3
Slings         | 1 |  1.1
Dodging        | |  1.3

Action                   |  1- 3 |  4- 6 || total
-------------------------+-------+-------++-------
Melee: Dagger            |   169 |   116 ||   285
       Punch             |     2 |     4 ||     6
Throw: Dart              |    11 |     7 ||    18
 Stab: Sleeping          |    10 |     4 ||    14
       Distracted        |     1 |     1 ||     2
Armor: Robe              |    29 |    18 ||    47
Dodge: Dodged            |    96 |   109 ||   205
